 Dungeon Crawl Stone Soup version 0.19.1-1-g22dce08 (webtiles) character file.

32 M4edhros the Grave Robber (level 3, -6/21 HPs)
             Began as an Octopode Necromancer on Jan 2, 2017.
             Was an Initiate of Cheibriados.
             Mangled by kosh's ghost (11 damage)
             ... on level 3 of the Dungeon.
             The game lasted 00:02:42 (635 turns).

M4edhros the Grave Robber (Octopode Necromancer)     Turns: 635, Time: 00:02:42

Health: -6/21      AC:  1    Str:  8    XL:     3   Next: 27%
Magic:  6/6        EV: 13    Int: 18    God:    Cheibriados [......]
Gold:   109        SH:  0    Dex: 14    Spells: 3 memorised, 1 level left

rFire  + . .     SeeInvis .       - Unarmed
rCold  . . .     Gourm    .     (no shield)
rNeg   . . .     Faith    .     (helmet restricted)
rPois  .         Spirit   .     (no amulet)
rElec  .         Reflect  .     d - ring of protection from fire
rCorr  .         Harm     .     (no ring)
MR     .....                    (no ring)
Stlth  +++.......               (no ring)
                                (no ring)
                                (no ring)
                                (no ring)
                                (no ring)

@: very slow
A: almost no armour, stealthy swim, amphibious, 8 rings, constrict 8, camouflage
1, gelatinous body 1
a: Bend Time, Renounce Religion


You were on level 3 of the Dungeon.
You worshipped Cheibriados.
Cheibriados was noncommittal.
You were not hungry.

You visited 1 branch of the dungeon, and saw 3 of its levels.

You collected 109 gold pieces.

Inventory:

Jewellery
 d - a ring of protection from fire (left tentacle)
Scrolls
 h - a scroll of identify {unknown}
Potions
 e - a potion of curing
Books
 a - a book of Necromancy

   Spells                             Type                      Level
   a - Pain                           Necromancy                   1
   b - Animate Skeleton               Necromancy                   1
   c - Vampiric Draining              Necromancy                   3
   d - Regeneration                   Charms/Necromancy            3
   e - Animate Dead                   Necromancy                   4
   f - Control Undead                 Necromancy                   4
Comestibles
 b - a bread ration
 c - a royal jelly
 f - a meat ration


   Skills:
 - Level 2.0 Dodging
 - Level 2.6 Stealth
 + Level 2.8 Unarmed Combat
 - Level 2.0 Spellcasting
 - Level 4.0 Necromancy


You had one spell level left.
You knew the following spells:

 Your Spells              Type           Power        Failure   Level  Hunger
a - Pain                  Necr           ###.         3%          1    #......
b - Animate Skeleton      Necr           N/A          3%          1    #......
c - Regeneration          Chrm/Necr      #.........   24%         3    ###....


Dungeon Overview and Level Annotations

Branches:
Dungeon (3/15)

Altars:
Cheibriados
Elyvilon
Yredelemnul

Annotations:
D:3 kosh's ghost, amateur DsGl


Innate Abilities, Weirdness & Mutations

You cannot wear most types of armour.
You are very stealthy in the water. (Stealth+)
You are amphibious.
You can wear up to eight rings at the same time.
You can use your tentacles to constrict eight enemies at once.
Your skin changes colour to match your surroundings (Stealth+).
Your rubbery body absorbs attacks. (AC +1, EV +1)


Message History

There is a stone staircase leading down here.
You climb downwards.
There is a stone staircase leading up here.
Found a leather armour.
Kosh's ghost (amateur Demonspawn Gladiator) comes into view.
Kosh's ghost hits you!
Okay, then.
As you read the scroll labeled OCOCKA INYNIORPH, it crumbles to dust.
You feel aware of your surroundings.
You sensed 2 altars, and 1 shop/portal.
It was a scroll of magic mapping.
Kosh's ghost barely misses you.
Okay, then.
Okay, then.
Unknown command.
Okay, then.
You aren't carrying any items that you can evoke.
You fail to use your ability.
Kosh's ghost hits you!
* * * LOW HITPOINT WARNING * * *
You fail to use your ability.
Kosh's ghost hits you!
Ouch! That really hurt!
You die...

*,,,,,,,,* *,* *,,,,,,,,,**
*,,,,,,,,##**#.* *,,,,,,*+**
*,,,,,,,,,..,#.* *,,,,,,*,***
*,,,,,,,,,,..#.* *,,,,,,*,,,,
*********,,,,.#.##****,,,,,,*,,,,
,,,,,,,,,,,,,,....,,,,,,,,,>*,,,,
,,,,,,,,,,,,,,,..#***,*,,,,,*,,,,
,,*,,,,,,*,*,**#W# *,*****,,,,,,
,,*,,,,*,*,*,* #@# *,,,,,,,,,***
,,,,,,**,*,#.###.# *,,,,,,,,,***
,,*,*,**,*,#.....# *,,,,,,,,,,,,
,,*,*,**,*,#####.# *,,,,,,,*****
,,*,*,**,*,* #.# *,,.,,,,+,,,,
***,*,**,#.#####.####...,,,,*****
,,,,*,**,#.............#*****
*****,**,#######..###..#
*,**,#..........#..##########


You could see kosh's ghost.

Vanquished Creatures
  An adder (D:2)
  2 dart slugs (D:2)
  2 bats (D:1)
  2 giant cockroaches (D:2)
  3 goblins
  2 hobgoblins
  A jackal (D:2)
  2 kobolds (D:2)
  2 frilled lizards
17 creatures vanquished.

Notes
Turn   | Place    | Note
-------+----------+-------------------------------------------
     0 | D:1      | M4edhros the Octopode Necromancer began the quest for the Orb.
     0 | D:1      | Reached XP level 1. HP: 11/11 MP: 3/3
    84 | D:2      | Found a basalt altar of Yredelemnul.
   131 | D:2      | Reached skill level 1 in Unarmed Combat
   135 | D:2      | Reached XP level 2. HP: 7/17 MP: 0/5
   474 | D:2      | Found a white marble altar of Elyvilon.
   474 | D:2      | Found a snail-covered altar of Cheibriados.
   482 | D:2      | Became a worshipper of Cheibriados the Contemplative
   496 | D:2      | Learned a level 1 spell: Animate Skeleton
   567 | D:2      | Reached XP level 3. HP: 5/21 MP: 0/6
   572 | D:2      | Learned a level 3 spell: Regeneration
   631 | D:3      | Noticed kosh's ghost (amateur DsGl)
   635 | D:3      | Mangled by kosh's ghost

Skill      XL: |  1  2 |
---------------+-------+-----
Unarmed Combat | 1 2 |  2.8
Dodging        | |  2.0
Stealth        | |  2.6
Spellcasting   | |  2.0
Necromancy     | |  4.0

Action                   || total
-------------------------++-------
Melee: Unarmed           ||    15
       Constrict         ||     6
       Tentacles         ||     1
 Cast: Pain              ||    21
       Animate Skeleton  ||     1
       Regeneration      ||     1
  Use: Potion            ||     1
       Scroll            ||     1
 Stab: Sleeping          ||     3
Armor: Skin              ||     2
Dodge: Dodged            ||    11
